 Dungeon Crawl Stone Soup version 0.21.1-1-g345015f (webtiles) character file.

2200 Kurtz the Grappler (level 9, -2/64 HPs)
             Began as a Mummy Monk on May 23, 2018.
             Slain by a hippogriff (9 damage)
             ... on level 7 of the Dungeon on May 24, 2018.
             The game lasted 00:21:04 (29143 turns).

Kurtz the Grappler (Mummy Monk)                    Turns: 29143, Time: 00:21:04

Health: -2/64      AC:  2    Str: 17    XL:     9   Next: 12%
Magic:  9/9        EV: 13    Int:  9    God:
Gold:   339        SH:  0    Dex: 15    Spells: 8/8 levels left

rFire    . . .     SeeInvis .     - Unarmed
rCold    + . .     Gourm    .   (no shield)
rNeg     + + +     Faith    .   (no armour)
rPois    ∞         Spirit   .   f - +1 helmet
rElec    .         Reflect  .   (no cloak)
rCorr    .         Harm     .   (no gloves)
MR       +....                  (no boots)
Stlth    ++........             (no amulet)
HPRegen  0.20/turn              a - ring of protection from fire
MPRegen  0.11/turn              (no ring)

@: no status effects
A: no food or potions, fire vulnerability, cold resistance 1, negative energy
resistance 3, torment resistance, unbreathing
a: no special abilities


You were on level 7 of the Dungeon.
You were not hungry.

You visited 1 branch of the dungeon, and saw 7 of its levels.
You also visited: Sewer.

You collected 339 gold pieces.

Inventory:

Hand Weapons
 r - a +0 spear
Missiles
 j - 49 bolts
Armour
 f - a +1 helmet (worn)
Jewellery
 a - a ring of protection from fire (left hand)
Wands
 o - a wand of random effects (48)
 s - a wand of enslavement (7)
Scrolls
 b - 2 scrolls of fear
 c - 4 scrolls of immolation
 d - 4 scrolls of amnesia
 e - 5 scrolls of remove curse
 g - a scroll of vulnerability
 h - 2 scrolls of enchant weapon
 i - 2 scrolls of fog
 n - 4 scrolls of identify
 q - a scroll of blinking {unknown}
Potions
 k - 8 potions of curing (quivered) {unknown}
 l - 4 potions of heal wounds {unknown}
 m - 5 potions of flight {unknown}
Comestibles
 p - 9 rations


   Skills:
 * Level 3.5 Fighting
 - Level 2.4 Dodging
 - Level 1.5 Stealth
 * Level 10.3 Unarmed Combat


You had 8 spell levels left.
You didn't know any spells.

Dungeon Overview and Level Annotations

Branches:
Dungeon (7/15)
 Temple: D:4-7

Altars:
Dithmenos
Gozag
Hepliaklqana
Makhleb
Okawaru
Sif Muna
Trog
Uskayaw
Zin
The Shining One

Annotations:
D:5 orc war!, 1 exclusion, Duvessa
D:6 exclusions: orc warrior, water moccasin and 1 more exclusion


Innate Abilities, Weirdness & Mutations

You do not eat or drink.
Your flesh is vulnerable to fire.
You are immune to poison.
Your flesh is cold resistant. (rC+)
You are immune to negative energy. (rN+++)
You are immune to unholy pain and torment.
You can survive without breathing.


Message History

The hippogriff is almost dead.
The hippogriff bites you. The hippogriff pecks you.
The hippogriff barely misses you.
You hit the hippogriff.
The hippogriff is almost dead.
The hippogriff bites you. The hippogriff closely misses you.
The hippogriff claws you.
You barely miss the hippogriff.
The hippogriff is almost dead.
The hippogriff bites you!
* * * LOW HITPOINT WARNING * * *
The hippogriff pecks you.
* * * LOW HITPOINT WARNING * * *
The hippogriff closely misses you.
You hit the hippogriff but do no damage.
The hippogriff is almost dead.
The hippogriff closely misses you. The hippogriff pecks you.
* * * LOW HITPOINT WARNING * * *
The hippogriff claws you!
You die...

#............#
#..##........#
#............#
######..#.........#
........#.........#
...####.####......#
..................#
........H###......#
.........@.#.######
#....##.....##
#...........#
#.............#
#...........##..#
#...........# ..#
........... ##
##.........#
..........#


You could see a hippogriff.

Vanquished Creatures
  Eustachio (D:5)
  Menkaure (D:6)
  A water moccasin (D:6)
  A phantom (D:6)
  A sky beast (D:4)
  3 ogres
  A big kobold (Sewer)
  6 bullfrogs
  2 scorpions (D:6)
  2 howler monkeys (D:6)
  A wight (D:6)
  4 crimson imps
  A bullfrog zombie (D:6)
  2 hounds
  A bullfrog skeleton (D:2)
  An iguana (D:7)
  An orc wizard (D:3)
  3 worker ants
  A worker ant zombie (D:4)
  Robin (D:2)
  A gnoll (D:6)
  4 river rats (Sewer)
  14 adders
  2 shadow imps (D:5)
  An ooze (D:3)
  An adder zombie (D:6)
  3 worms
  2 dart slugs (D:1)
  6 leopard geckos
  6 orcs
  5 giant cockroaches
  12 goblins
  14 hobgoblins
  8 jackals
  A quokka (D:3)
  6 ball pythons
  8 bats
  6 frilled lizards
  A goblin skeleton (D:4)
  2 goblin zombies (D:4)
  7 hobgoblin zombies
  A jackal skeleton (D:5)
  26 kobolds
  A leopard gecko skeleton (D:6)
  A leopard gecko zombie (D:5)
  A quokka skeleton (D:6)
  28 rats
203 creatures vanquished.

Notes
Turn   | Place    | Note
-------+----------+-------------------------------------------
     0 | D:1      | Kurtz the Mummy Monk began the quest for the Orb.
     0 | D:1      | Reached XP level 1. HP: 18/18 MP: 1/1
  1381 | D:1      | Reached XP level 2. HP: 16/24 MP: 2/2
  1389 | D:1      | Reached skill level 3 in Unarmed Combat
  2768 | D:2      | Reached XP level 3. HP: 10/29 MP: 3/3
  3549 | D:2      | Reached skill level 4 in Unarmed Combat
  4486 | D:2      | Reached XP level 4. HP: 34/35 MP: 4/4
  5034 | D:2      | Found a glowing silver altar of Zin.
  5034 | D:2      | Noticed an angel
  5287 | D:2      | Noticed Robin
  6004 | D:2      | Found a bloodstained altar of Trog.
  6232 | D:2      | Killed Robin
  6433 | D:3      | Reached XP level 5. HP: 27/41 MP: 5/5
  7833 | D:3      | Found a glowing golden altar of the Shining One.
  7833 | D:3      | Found a hide-covered altar of Uskayaw.
  8317 | D:3      | Reached skill level 5 in Unarmed Combat
  8456 | D:3      | Found an opulent altar of Gozag.
  8993 | D:4      | Found a glowing drain.
  9086 | Sewer    | Entered a sewer
 10142 | Sewer    | Reached XP level 6. HP: 31/47 MP: 6/6
 12332 | Sewer    | Reached skill level 6 in Unarmed Combat
 13812 | D:4      | Found a shadowy altar of Dithmenos.
 13918 | D:4      | Found a glowing golden altar of the Shining One.
 14408 | D:5      | Entered Level 5 of the Dungeon
 14439 | D:5      | Noticed Duvessa
 14862 | D:5      | Noticed a sky beast
 15946 | D:5      | Reached XP level 7. HP: 52/52 MP: 7/7
 16302 | D:4      | Reached skill level 7 in Unarmed Combat
 16501 | D:5      | Found a hazy altar of Hepliaklqana.
 16515 | D:5      | Noticed Eustachio
 18242 | D:5      | Found a deep blue altar of Sif Muna.
 18339 | D:5      | Found an iron altar of Okawaru.
 20629 | D:5      | Killed Eustachio
 20629 | D:5      | Reached skill level 8 in Unarmed Combat
 20851 | D:6      | Reached XP level 8. HP: 22/58 MP: 8/8
 21854 | D:6      | Noticed Menkaure
 22738 | D:6      | Killed Menkaure
 23033 | D:7      | Reached skill level 9 in Unarmed Combat
 23070 | D:7      | Noticed a hippogriff
 25251 | D:6      | Reached skill level 10 in Unarmed Combat
 27953 | D:6      | Reached XP level 9. HP: 58/64 MP: 9/9
 28160 | D:6      | Found a burning altar of Makhleb.
 28606 | D:4      | You fall through a shaft!
 29143 | D:7      | Slain by a hippogriff

Skill      XL: |  1  2  3  4  5  6  7  8 |
---------------+-------------------------+-----
Unarmed Combat | 3 4 5 6 8 10 | 10.3
Fighting       | |  3.5
Dodging        | |  2.4
Stealth        | |  1.5

Action                   |  1- 3 |  4- 6 |  7- 9 || total
-------------------------+-------+-------+-------++-------
Melee: Unarmed           |   133 |   440 |   271 ||   844
       Punch             |     3 |     9 |    10 ||    22
  Use: Scroll            |       |     9 |       ||     9
 Stab: Sleeping          |     4 |     4 |     2 ||    10
       Distracted        |       |     2 |       ||     2
Armor: Skin              |       |    35 |    22 ||    57
Dodge: Dodged            |    72 |   280 |   151 ||   503
